 Dungeon Sprint DCSS version 0.27-a0-1140-g099f9bb0e8 (webtiles) character file.

Game seed: 13342341926477180751

1534 Zeld the Arsonist (level 8, -3/60 HPs)
             Began as an Octopode Fire Elementalist on May 9, 2021.
             Was a Believer of Sif Muna.
             Slain by a +3 hand axe of holy wrath (9 damage)
             ... in the Dungeon (Sprint V: "Ziggurat Sprint").
             The game lasted 00:02:35 (768 turns).

Zeld the Arsonist (Octopode Fire Elementalist)       Turns: 768, Time: 00:02:35

Health: -3/60      AC:  1    Str:  7    XL:     8   Next: 86%
Magic:  17/19      EV: 16    Int: 31    God:    Sif Muna [**....]
Gold:   0          SH:  0    Dex: 13    Spells: 9/22 levels left

rFire    + . .     SeeInvis .   x - staff of fire
rCold    . . .     Faith    .   (no shield)
rNeg     . . .     Spirit   .   (helmet restricted)
rPois    .         Reflect  .   (no amulet)
rElec    .         Harm     .   u - +6 ring of intelligence
rCorr    .         Rampage  .   t - +6 ring of intelligence
Will     .....     NoTele   +   (no ring)
Stlth    +++.......             (no ring)
HPRegen  0.20/turn              (no ring)
MPRegen  0.16/turn              (no ring)
                                (no ring)
                                (no ring)

@: no status effects
A: almost no armour, amphibious, 8 rings, camouflage 1, gelatinous body 1,
(nimble swimmer 1), tentacles
a: Renounce Religion, Channel Magic


You were in the Dungeon.
You worshipped Sif Muna.
Sif Muna was pleased with you.
You visited 1 branch

Inventory:

Armour
 a - a +3 tower shield
Magical Staves
 x - a staff of fire (weapon)
Jewellery
 t - a +6 ring of intelligence (right tentacle)
 u - a +6 ring of intelligence (left tentacle)
Wands
 q - a wand of mindburst (7)
 r - a wand of iceblast (2)
 s - a wand of acid (6)
Scrolls
 k - 4 scrolls of amnesia
 m - 7 scrolls of fog
 n - a scroll of holy word
 o - 5 scrolls of identify
 p - a scroll of fear
Potions
 b - 10 potions of curing
 c - 10 potions of heal wounds
 d - 6 potions of haste
 e - 7 potions of magic
 f - 3 potions of berserk rage
 h - 2 potions of brilliance
 i - 2 potions of invisibility
 j - 4 potions of resistance
 l - 5 potions of might
Miscellaneous
 v - a lightning rod (2/4)
 w - a lightning rod (2/4)


   Skills:
 + Level 7.3 Fighting
 + Level 7.5 Dodging
 - Level 2.6 Stealth
 + Level 7.7 Spellcasting
 + Level 8.3 Conjurations
 * Level 11.9 Fire Magic


You had 9 spell levels left.
You knew the following spells:

 Your Spells              Type           Power      Damage    Failure   Level
a - Foxfire               Conj/Fire      100%       2x1d9     1%          1
b - Conjure Flame         Conj/Fire      84%        6-21      1%          3
c - Sticky Flame          Conj/Fire      84%        2d10      1%          4
d - Fireball              Conj/Fire      42%        3d17      1%          5

Your spell library contained the following spells:

 Spells                   Type           Power      Damage    Failure   Level
 Inner Flame              Hex/Fire       65%        N/A       1%          3


Dungeon Overview and Level Annotations

Branches:
Dungeon (1/1)

Altars:
Ashenzari
Cheibriados
Dithmenos
Elyvilon
Fedhas
Gozag
Hepliaklqana
Kikubaaqudgha
Makhleb
Nemelex Xobeh
Okawaru
Qazlal
Ru
Sif Muna
Trog
Uskayaw
Vehumet
Wu Jian
Xom
Yredelemnul
Zin
The Shining One
Beogh
Jiyva
Lugonu

Annotations:
D 1 transporter


Innate Abilities, Weirdness & Mutations

You cannot wear most types of armour.
You are amphibious.
You can wear up to eight rings at the same time.
Your skin changes colour to match your surroundings (Stealth+).
Your rubbery body absorbs attacks. (AC +1, EV +1)
((You are camouflaged near water. (Stealth+)))
You have tentacles for arms and can constrict up to eight enemies at once.


Message History

Press: ? - help, Shift-Dir - straight line, f - you
Okay, then.
Hit: x) staff of fire
Press: ? - help, Dir - move target, f - you
Okay, then.
Aiming: Thunderbolt
Press: ? - help, Shift-Dir - straight line, f - +3 hand axe of holy wrath
Aim: a +3 hand axe of holy wrath The thunderbolt hits the +3 hand axe of holy wrath.
The +3 hand axe of holy wrath completely resists.
Unknown command.
The +3 hand axe of holy wrath hits you.
* * * LOW HITPOINT WARNING * * *
There is a transporter here.
Welcome to arena 4.
You enter the transporter and appear at another place. 2 adders and 2 water moccasins come into view.
The +3 hand axe of holy wrath closely misses you.
Found four items.
Found a transporter.
Casting: Fireball (dangerous; 1% risk of failure)
Confirm with . or Enter, or press ? or * to list all spells.
Aiming: Fireball (dangerous; 1% risk of failure)
Press: ? - help, Shift-Dir - straight line, f - water moccasin, p - +3 hand axe of holy wrath
Aim: a water moccasin (asleep)
Okay, then.
Casting: Fireball (dangerous; 1% risk of failure)
Confirm with . or Enter, or press ? or * to list all spells.
Okay, then.
As you read the scroll of fear, it crumbles to dust.
You assume a fearsome visage.
The +3 hand axe of holy wrath is unaffected.
The water moccasin looks frightened!
The water moccasin hisses angrily.
The water moccasin looks frightened!
The adder looks frightened!
The adder hisses angrily.
The adder looks frightened!
The adder hisses angrily.
The +3 hand axe of holy wrath closely misses you.
The +3 hand axe of holy wrath hits you!
You die...

▓..©..▓..©..▓▓▓▓▓▓▓
▓▓▓▓▓▓▓▓▓▓▓▓▓▓
▓.S8S8.S.▓
▓..[S|...▓
▓...|....▓
▓........▓
........▓
▓.▓(...▓.▓
▓...@....▓
▓▓▓▓▓▓▓▓▓▓


You could see 2 water moccasins, a +3 hand axe of holy wrath and 2 adders.

Vanquished Creatures
  2 deep elf knights (D)
  A slime creature (D)
  An air elemental (D)
  A crimson imp (D)
  A quasit (D)
  An endoplasm (D)
  A ball python zombie (D)
8 creatures vanquished.

Notes
Turn   | Place    | Note
-------+----------+-------------------------------------------
     0 | D        | Zeld the Octopode Fire Elementalist began the quest for the
                  | Orb.
     0 | D        | Reached XP level 1. HP: 11/11 MP: 3/3
     2 | D        | Found a blossoming altar of Fedhas.
     3 | D        | Found the +6 Majin-Bo {vamp, MP+6 Int+6}
     3 | D        | Found the +9 heavy crossbow "Sniper" {vorpal, Acc+∞ SInv}
     3 | D        | Found the +10 dark maul {vorpal}
     3 | D        | Found the +15 Maxwell's patent armour {-Cast -Tele rElec
                  | Will+ rCorr}
     3 | D        | Found the +18 shield of the Gong {rElec rN+ Will+ EV-5}
     3 | D        | Found the +14 obsidian axe {vorpal, Drain Fly SInv}
     3 | D        | Found the +7 great mace "Firestarter" {inner flame, rF++}
     3 | D        | Found the +6 shillelagh "Devastator" {shatter}
     3 | D        | Found the +11 plutonium sword {Contam Stlth-}
     3 | D        | Found the +8 lance "Wyrmbane" {slay drac, rPois rF+ rC+
                  | AC+3}
     3 | D        | Found the +9 sword of Zonguldrok {reap}
     3 | D        | Found the +13 scythe of Curses {drain, Drain}
     3 | D        | Found the +5 sword of Power {vorpal}
     3 | D        | Found the +7 mace of Variability {chain chaos}
     3 | D        | Found the +7 Singing Sword {vorpal, sonic wave}
     3 | D        | Found the +8 storm bow {elec, penet}
     8 | D        | Found a shimmering blue altar of Sif Muna.
     8 | D        | Found a sacrificial altar of Ru.
     8 | D        | Found a bloodstained altar of Trog.
     8 | D        | Found a stormy altar of Qazlal.
     8 | D        | Found an iron altar of Okawaru.
     8 | D        | Found a sparkling altar of Nemelex Xobeh.
    10 | D        | Reached skill level 6 in Fire Magic
    10 | D        | Reached XP level 2. HP: 17/17 MP: 3/6
    11 | D        | Found a transporter.
    11 | D        | Found an ancient bone altar of Kikubaaqudgha.
    11 | D        | Found a viscous altar of Jiyva.
    11 | D        | Found a corrupted altar of Lugonu.
    11 | D        | Found a hazy altar of Hepliaklqana.
    11 | D        | Found a burning altar of Makhleb.
    11 | D        | Found an opulent altar of Gozag.
    28 | D        | Became a worshipper of Sif Muna the Loreminder
   258 | D        | Entered arena 2.
   258 | D        | Noticed a slime creature
   258 | D        | Found a transporter.
   264 | D        | Killed a slime creature
   265 | D        | Reached skill level 5 in Spellcasting
   265 | D        | Reached skill level 5 in Conjurations
   265 | D        | Reached skill level 8 in Fire Magic
   265 | D        | Reached XP level 3. HP: 27/27 MP: 6/9
   265 | D        | Reached XP level 4. HP: 33/33 MP: 7/11
   265 | D        | Reached XP level 5. HP: 37/37 MP: 7/12
   269 | D        | Learned a level 3 spell: Conjure Flame
   274 | D        | Learned a level 4 spell: Sticky Flame
   280 | D        | Learned a level 5 spell: Fireball
   520 | D        | Entered arena 3.
   520 | D        | Found a transporter.
   521 | D        | Reached * piety under Sif Muna
   541 | D        | Reached XP level 6. HP: 29/43 MP: 4/14
   752 | D        | Entered arena 4.
   752 | D        | Noticed a deep elf knight
   752 | D        | Noticed a +3 hand axe of holy wrath
   752 | D        | Noticed an air elemental
   752 | D        | Noticed a deep elf knight
   752 | D        | Found a transporter.
   753 | D        | Killed an air elemental
   753 | D        | Reached ** piety under Sif Muna
   754 | D        | Reached skill level 5 in Fighting
   754 | D        | Reached skill level 5 in Dodging
   754 | D        | Reached skill level 9 in Fire Magic
   754 | D        | Killed a deep elf knight
   755 | D        | Reached skill level 11 in Fire Magic
   755 | D        | Reached XP level 7. HP: 53/53 MP: 4/17
   755 | D        | Reached XP level 8. HP: 58/58 MP: 4/18
   762 | D        | Killed a deep elf knight
   767 | D        | Entered arena 5.
   767 | D        | Found a transporter.
   768 | D        | Slain by a +3 hand axe of holy wrath

Illustrated notes

Levels and vault maps discovered:
D:        sprint_v [room_start, room_1, room_2, room_3, room_4, room_5, room_6,
          room_7, room_8, room_9, room_10, room_11, room_12, room_13, room_14,
          room_15, room_16, room_17, room_18, room_19, room_20, room_21,
          room_22, room_23, room_24, room_25, room_26, room_27]

Skill      XL: |  1  2  3  4  5  6  7  8 |
---------------+-------------------------+-----
Spellcasting   | 3 5 7 |  7.7
Conjurations   | 3 5 7 8 |  8.3
Fire Magic     | 6 8 11 | 11.9
Fighting       | 3 4 6 7 |  7.3
Dodging        | 4 6 7 |  7.5
Stealth        | |  2.6

Action                   |  1- 3 |  4- 6 |  7- 9 || total
-------------------------+-------+-------+-------++-------
Melee: Staff             |       |     9 |       ||     9
       Tentacles         |       |     3 |       ||     3
       Constrict         |       |     2 |       ||     2
 Cast: Fireball          |       |     4 |     1 ||     5
Invok: Channel Magic     |       |       |     1 ||     1
Evoke: Wand              |     5 |       |     1 ||     6
       Lightning rod     |       |       |     3 ||     3
  Use: Potion            |     1 |       |       ||     1
       Scroll            |     1 |       |     4 ||     5
Dodge: Dodged            |     1 |     3 |     4 ||     8

Table legend: (Time is in decaauts)
 A = Elapsed time spent in this place.
 B = Non-inter-level travel time spent in this place.
 C = Inter-level travel time spent in this place.
 D = Time resting spent in this place.
 E = Time spent auto-exploring this place.
 F = Levels seen in this place.
 G = Mean time per level.
                   A        B        C        D        E       F      G
               +--------+--------+--------+--------+--------+-----+--------+
         Total |    768 |    768 |      0 |    649 |      0 |   1 |  768.0 |
       Dungeon |    768 |    768 |      0 |    649 |      0 |   1 |  768.0 |
               +--------+--------+--------+--------+--------+-----+--------+

Top non-repeatable levels by time:
       D: 768 daAuts
